 Dungeon Crawl Stone Soup version 0.24-a0-252-g5076262 (webtiles) character file.

Game seed: 8080045518417597956

49 Iscandelvey the Conjurer (level 4, -3/30 HPs)
             Began as a Human Conjurer on Apr 18, 2019.
             Slain by Terence
             ... wielding a +0 hand axe
              (5 damage)
             ... on level 2 of the Dungeon.
             The game lasted 00:06:18 (1306 turns).

Iscandelvey the Conjurer (Human Conjurer)           Turns: 1306, Time: 00:06:18

Health: -3/30      AC:  2    Str:  8    XL:     4   Next: 2%
Magic:  0/8        EV: 12    Int: 17    God:
Gold:   84         SH:  0    Dex: 13    Spells: 5/8 levels left

rFire    . . .     SeeInvis .   k - +0 spear
rCold    + . .     Gourm    .   (no shield)
rNeg     . . .     Faith    .   f - +0 robe {rC+}
rPois    .         Spirit   .   (no helmet)
rElec    .         Reflect  .   (no cloak)
rCorr    .         Harm     .   (no gloves)
MR       .....                  (no boots)
Stlth    ++........             (no amulet)
HPRegen  0.10/turn              (no ring)
MPRegen  0.11/turn              (no ring)

@: no status effects
A: no striking features
a: no special abilities


You were on level 2 of the Dungeon.
You were not hungry.

You visited 1 branch of the dungeon, and saw 2 of its levels.

You collected 84 gold pieces.

Inventory:

Hand Weapons
 k - a +0 spear (weapon)
Missiles
 i - 29 stones (quivered)
Armour
 a - a +0 robe
 f - a +0 robe of cold resistance (worn)
Jewellery
 q - a +3 amulet of reflection {unknown}
 r - a cursed ring of attention {unknown}
Scrolls
 b - 4 scrolls of identify {unknown}
 j - a scroll of amnesia {unknown}
 m - a scroll of fog {unknown}
 n - 2 scrolls of enchant weapon {unknown}
Potions
 d - a potion of flight {unknown}
 e - a potion of degeneration {unknown}
 g - a potion of mutation {unknown}
 l - a potion of lignification {unknown}
 o - a potion of heal wounds {unknown}
 p - a potion of haste {unknown}
Comestibles
 c - 3 rations


   Skills:
 + Level 2.3 Dodging
 - Level 2.0 Stealth
 * Level 2.6 Spellcasting
 * Level 4.7 Conjurations


You had 5 spell levels left.
You knew the following spells:

 Your Spells              Type           Power        Failure   Level  Hunger
a - Magic Dart            Conj           ###.         2%          1    #......
b - Searing Ray           Conj           ###...       4%          2    ##.....

Your spell library contained the following spells:

 Spells                   Type           Power        Failure   Level  Hunger
 Dazzling Spray           Conj/Hex       ##....       21%         3    ###....
 Iskenderun's Mystic Bla  Conj           ###.....     26%         4    #####..
 Force Lance              Conj/Tloc      ##......     56%         4    #####..
 Fulminant Prism          Conj/Hex       ##........   56%         4    #####..


Dungeon Overview and Level Annotations

Branches:
Dungeon (2/15)

Altars:

Annotations:
D:2 Terence


Message History

Confirm with . or Enter, or press ? or * to list all spells.
Aiming: Magic Dart (safe; 2% risk of failure)
Press: ? - help, Shift-Dir - straight line, f/p - Terence
Aim: Terence, wielding a +0 hand axe and wearing a +0 scale mail (almost dead)
The magic dart hits Terence but does no damage.
Terence is almost dead.
Terence closely misses you.
Attack whom?
Press: ? - help, Dir - move target cursor, f/p - Terence
Aim: Terence, wielding a +0 hand axe and wearing a +0 scale mail (almost dead)
You hit Terence but do no damage.
Terence is almost dead.
Terence closely misses you.
Attack whom?
Press: ? - help, Dir - move target cursor, f/p - Terence
Aim: Terence, wielding a +0 hand axe and wearing a +0 scale mail (almost dead)
You hit Terence but do no damage.
Terence is almost dead.
Terence hits you with a +0 hand axe.
You die...

###.......รท.####.#
#.####.........#
#####.## #.....#####
.......# #.....#
.......###.....#
...............#
...............#######.#
#####.#........#.......#
#.#....#..<#@#..
#.#....#####@#.#
#.#........#.#.#
#.#...####.#.#.#
#####.#......#.#.#@#
......#.####.#...#.#
.###..#.# #(#####.# .#
#..#.# #.# #.# .######.#
#.# #.#


You could see Terence.

Vanquished Creatures
  2 adders (D:2)
  A worm (D:2)
  2 dart slugs
  A leopard gecko (D:2)
  2 bats (D:1)
  3 giant cockroaches (D:1)
  3 goblins (D:2)
  4 hobgoblins
  A quokka (D:2)
  2 kobolds
21 creatures vanquished.

Notes
Turn   | Place    | Note
-------+----------+-------------------------------------------
     0 | D:1      | Iscandelvey the Human Conjurer began the quest for the Orb.
     0 | D:1      | Reached XP level 1. HP: 13/13 MP: 3/3
   288 | D:1      | Reached XP level 2. HP: 19/19 MP: 0/5
   796 | D:2      | Reached XP level 3. HP: 24/24 MP: 4/6
  1041 | D:2      | Learned a level 2 spell: Searing Ray
  1169 | D:2      | Reached XP level 4. HP: 29/30 MP: 5/8
  1248 | D:2      | Noticed Terence
  1306 | D:2      | Slain by Terence

Levels and vault maps discovered:
D:1:      dpeg_arrival_water_fire, layout_basic
D:2:      layout_basic, chequers_ecumenical_altar_simple_redux, uniq_natasha,
          uniq_terence

Action                   |  1- 3 |  4- 6 || total
-------------------------+-------+-------++-------
Melee: Unarmed           |     1 |       ||     1
       Spear             |    26 |    12 ||    38
       Club              |     2 |       ||     2
 Cast: Magic Dart        |    39 |     5 ||    44
       Searing Ray       |     1 |     2 ||     3
 Stab: Sleeping          |     1 |       ||     1
  Eat: Chunk             |     1 |     1 ||     2
Armor: Robe              |     4 |       ||     4
Dodge: Dodged            |    16 |     7 ||    23

Table legend:
 A = Non-vault XP
 B = Vault XP
 C = Vault XP percentage of total XP
 D = Non-vault monster count
 E = Vault monster count
 F = Vault count percentage of total count
                 A         B        C        D         E       F
            +---------+---------+-------+---------+---------+-------
      Total |      71 |       0 |   0.0 |      21 |       0 |   0.0
            +---------+---------+-------+---------+---------+-------
        D:1 |      20 |       0 |   0.0 |      10 |       0 |   0.0
        D:2 |      51 |       0 |   0.0 |      11 |       0 |   0.0
            +---------+---------+-------+---------+---------+-------
